 Dungeon Crawl Stone Soup version 0.31.0-32-g396128a36d (webtiles) character file.

Game seed: 13355392439624625057

8540 spaghetti the Convoker (level 11, -15/81 HPs)
             Began as a Naga Chaos Knight on Mar 11, 2024.
             Was a Plaything of Xom.
             Demolished by tymior's ghost (30 damage)
             ... on level 10 of the Dungeon.
             The game lasted 00:17:19 (8935 turns).

spaghetti the Convoker (Naga Chaos Knight)          Turns: 8935, Time: 00:17:19

Health: -15/81     AC:  8    Str: 26    XL:     11   Next: 32%
Magic:  3/21       EV:  9    Int: 16    God:    Xom [.*....]
Gold:   660        SH:  5    Dex: 15    Spells: 4/11 levels left

rFire   + . .        v - +2 glaive "Vuri" {chaos, *Noise rCorr Str+7}
rCold   + . .        (shield currently unavailable)
rNeg    . . .        u - +1 leather armour "Dyhab" {rElec Regen+ Dex-2}
rPois   +            (no helmet)
rElec   +            (no cloak)
rCorr   +            (no gloves)
SInv    +            (no barding)
Will    +....        w - amulet of reflection
Stlth   ++           i - ring of magical power
HPRegen 1.13/turn    p - +6 ring of strength
MPRegen 0.17/turn

%: reflection
@: studying Staves, inugami summoned, very slow
A: AC +3, large, see invisible, deformed body, poison resistance, slowness 2,
spit poison 1, naga tail 1, stinger 2, iridescent scales 1, thin skeletal
structure 1, agile 1, cold resistance 1, fire resistance 1, frail 1, MP-powered
wands, persistent drain
a: Spit Poison, Renounce Religion


You were on level 10 of the Dungeon.
You worshipped Xom.
You were a plaything of Xom.
You visited 1 branch of the dungeon, and saw 10 of its levels.
You also visited: Bailey.

You collected 660 gold pieces.

Inventory:

Hand Weapons
 a - a +1 spear of chaos
 v - the +2 glaive "Vuri" (weapon) {chaos, *Noise rCorr Str+7}
   (Xom gifted it to you on level 6 of the Dungeon)

   Str+7:     It affects your strength (+7).
   *Noise:    It may make a loud noise when swung.
   rCorr:     It protects you from acid and corrosion.
 y - the +9 spear of the Maze {flame, Will++ Int+3}
   (You found it on level 8 of the Dungeon)

   Int+3:     It affects your intelligence (+3).
   Will++:    It greatly increases your willpower.
Missiles
 I - 3 curare-tipped darts
 J - a throwing net
Armour
 b - a +2 leather armour
 u - the +1 leather armour "Dyhab" (worn) {rElec Regen+ Dex-2}
   (You found it on level 6 of the Dungeon)

   Dex-2:     It affects your dexterity (-2).
   rElec:     It insulates you from electricity.
   Regen+:    It increases your rate of health regeneration.
 x - a +3 leather armour of cold resistance
Magical Staves
 n - a staff of cold
Jewellery
 g - a ring of flight
 i - a ring of magical power (left hand)
 j - a ring of ice
 p - a +6 ring of strength (right hand)
 t - a ring of magical power
 w - an amulet of reflection (around neck)
 L - a +6 ring of strength
Wands
 h - a wand of paralysis (14)
 q - a wand of acid (12)
Scrolls
 c - a scroll of butterflies
 e - a scroll of fog
 l - a scroll of torment
 o - 4 scrolls of enchant armour
 s - 4 scrolls of vulnerability
 F - 5 scrolls of enchant weapon
 H - a scroll of revelation {unknown}
 K - a scroll of teleportation {unknown}
Potions
 d - 2 potions of magic
 f - 2 potions of enlightenment
 k - 2 potions of curing
 m - a potion of heal wounds
 r - 2 potions of berserk rage
 z - 3 potions of degeneration
 A - a potion of invisibility
 B - 2 potions of might
 C - a potion of mutation
 D - 3 potions of haste
 E - a potion of resistance
 G - a potion of lignification


   Skills:
 - Level 3.0 Fighting
 - Level 4.3 Polearms
 - Level 1.5 Armour
 - Level 0.7 Dodging
 - Level 0.7 Spellcasting
 + Level 16.5 Summonings


You had 4 spell levels left.
You knew the following spells:

 Your Spells              Type           Power      Damage    Failure   Level
a - Call Canine Familiar  Summ           52%        N/A       1%          3
b - Summon Blazeheart Go  Fire/Summ      27%        N/A       9%          4

Your spell library contained the following spells:

 Spells                   Type           Power      Damage    Failure   Level
 Magic Dart               Conj           0%         1d3       26%         1
 Sting                    Conj/Alch      0%         1d3       26%         1
 Mercury Vapours          Alch/Air       0%         N/A       36%         2
 Searing Ray              Conj           0%         2d4       36%         2
 Sigil of Binding         Hex            0%         N/A       61%         3
 Dimensional Bullseye     Hex/Tloc       0%         N/A       95%         4
 Fulminant Prism          Conj/Alch      0%         3d5       95%         4
 Olgreb's Toxic Radiance  Alch           0%         N/A       95%         4
 Summon Horrible Things   Summ           26%        N/A       88%         8
 Malign Gateway           Summ/Tloc      13%        N/A       100%        7
 Orb of Destruction       Conj           0%         9d5       100%        7
 Spellforged Servitor     Conj/Summ      13%        N/A       100%        7


Dungeon Overview and Level Annotations

Branches:
Dungeon (10/15)            Temple (0/1) D:6            Lair (0/5) D:8
    Orc (0/2) D:9          Bailey (visited)

Altars:
Cheibriados
Elyvilon
Hepliaklqana
Kikubaaqudgha
Qazlal
Trog
Uskayaw
Zin

Shops:
D:9 *

Annotations:
D:4 3 runed translucent doors, middlethird's ghost, weakling VSCj
D:10 tymior's ghost, journeyman MiDe


Innate Abilities, Weirdness & Mutations

Your serpentine skin is tough. (AC +3)
You have supernaturally acute eyesight. (SInv)
Armour fits poorly on your strangely shaped body.
Your system is resistant to poisons. (rPois)
You cover ground very slowly.
You can spit poison.
You have a snake-like lower body.
Your tail ends in a sharp venomous barb.
You are partially covered in iridescent scales. (AC +2)
You have a somewhat thin skeletal structure. (Dex +2, Stealth+)
You are agile. (Dex +4, Str/Int -1)
Your flesh is cold resistant. (rC+)
Your flesh is heat resistant. (rF+)
You are frail. (-10% HP)
You expend magic power (3 MP) to strengthen your wands.
Your health recovers twice as slowly from being drained.


Message History

Tymior's ghost hits your blazeheart golem but does no damage.
You closely miss tymior's ghost.
Tymior's ghost is heavily damaged.
Your quasit bites tymior's ghost but does no damage.
Your quasit misses tymior's ghost.
Your quasit completely misses tymior's ghost.
Your yak gores tymior's ghost!
Your quasit completely misses tymior's ghost. x2
Your quasit claws tymior's ghost but does no damage.
Tymior's ghost hits you!!
* * * LOW HITPOINT WARNING * * *
Your yak gores tymior's ghost but does no damage.
You feel much better.
Your quasit completely misses tymior's ghost.
Your quasit claws tymior's ghost but does no damage. x2
Your blazeheart golem punches tymior's ghost but does no damage.
Your blazeheart golem falls apart, revealing its core!
Tymior's ghost hits you!!
* * * LOW HITPOINT WARNING * * *
Your yak barely misses tymior's ghost.
Your quasit bites tymior's ghost but does no damage.
Your quasit claws tymior's ghost but does no damage. x2
Your yak gores tymior's ghost but does no damage.
Your blazeheart core explodes!
The fiery explosion engulfs tymior's ghost!!
The fiery explosion engulfs your quasit!
Your quasit resists.
You kill your quasit!
Your quasit degenerates into a cloud of primal chaos!
The fiery explosion engulfs your crimson imp.
Your crimson imp completely resists.
Your crimson imp disappears in a puff of smoke!
Tymior's ghost is engulfed in blazing flames.
Tymior's ghost completely misses you.
Your crimson imp is engulfed in seething chaos.
You barely miss tymior's ghost.
Tymior's ghost is almost destroyed.
Tymior's ghost hits you!!
You die...
Xom roars with laughter!

#### ###.......## #.........
#..###..........## #.........
##...#......<....# #.........
####...............### #..>......
#...#................###.#.......
#...###........☼§°.#...#.....###.
#...#..........°5○.###<....#.###.
#.....#.##....Y○W○........<......
#...##..#.......@....##..........
#...##.##.............#.........#
#......##(.........#..........#).
#.....###.............#.......#..
#.....÷............##.........#.#
#.....##...........)..........#)#
####..............####.##......).
#..####.......>.##...##.#.#..##
##§## ##.######....###..#....#.


You could see tymior's ghost (ally target), a friendly yak (summoned) and a
friendly crimson imp (summoned).

Vanquished Creatures
  An orc knight (Bailey)
  A centaur zombie (D:10)
  2 kobold demonologists (D:9)
  An unseen horror (D:10)
  A troll (D:9)
  Prince Ribbit (D:8)
  3 centaur simulacra (D:10)
  5 yaks
  A steam dragon (D:10)
  An ice beast (D:3)
  8 orc warriors
  6 ogres
  2 centaurs
  5 kobold brigands
  2 nameless horrors
  2 scorpions
  4 bullfrogs
  9 killer bees
  3 electric eels (D:8)
  A howler monkey (D:5)
  8 hounds
  A jelly (D:5)
  4 orc priests
  A gnoll bouda (D:9)
  3 iguanas
  An orc wizard (D:10)
  A mummy (D:5)
  5 adders
  A gnoll (D:9)
  3 dart slugs
  29 orcs
  6 endoplasms
  A giant cockroach (D:2)
  5 goblins
  4 hobgoblins
  2 jackals (D:2)
  4 quokkas (D:2)
  6 ball pythons
  4 bats
  4 frilled lizards
  15 kobolds
  A kobold zombie (D:5)
  An orc zombie (D:5)
  4 rats
173 creatures vanquished.

Vanquished Creatures (collateral kills)
  A kobold demonologist (D:9)
  A troll (D:8)
  A yak (D:10)
  A wraith (D:10)
  A sky beast (D:8)
  2 orc warriors
  An ogre (D:9)
  A nameless horror (D:9)
  A kobold brigand (D:9)
  A bullfrog (D:8)
  A gnoll sergeant (D:9)
  A killer bee (D:9)
  An electric eel (D:8)
  2 hounds
  2 bombardier beetles
  2 sleepcaps
  4 gnolls (D:9)
  18 orcs
  A quokka (D:4)
  4 kobolds
47 creatures vanquished.

Vanquished Creatures (others)
  3 yaks (D:9)
  An orc warrior (D:9)
  2 electric eels (D:8)
  2 orc wizards (D:9)
  A gnoll (D:9)
  An orc (D:8)
  14 blazeheart cores
24 creatures vanquished.

Grand Total: 244 creatures vanquished

Notes
Turn   | Place    | Note
-------+----------+-------------------------------------------
     0 | D:1      | spaghetti the Naga Chaos Knight began the quest for the
                  | Orb.
     0 | D:1      | Reached XP level 1. HP: 21/21 MP: 1/1
    85 | D:1      | XOM: divination: magic mapping
   125 | D:1      | Reached XP level 2. HP: 28/28 MP: 2/2
   162 | D:1      | XOM: silly message
   468 | D:1      | XOM: give mutations
   468 | D:1      | Gained mutation: Your tail ends in a venomous barb. [Xom's
                  | grace]
   468 | D:1      | Gained mutation: Your tail ends in a sharp venomous barb.
                  | [Xom's grace]
   468 | D:1      | Gained mutation: You are partially covered in iridescent
                  | scales. (AC +2) [Xom's grace]
   771 | D:1      | XOM: give mutation
   771 | D:1      | Gained mutation: You are somewhat resistant to further
                  | mutation. [Xom's grace]
   871 | D:1      | XOM: give mutation
   871 | D:1      | Gained mutation: You are robust. (+10% HP) [Xom's grace]
   991 | D:2      | Reached XP level 3. HP: 37/37 MP: 3/3
  1129 | D:2      | Found a faded altar of an unknown god.
  1209 | D:2      | Learned a level 3 spell: Call Canine Familiar
  1226 | D:2      | Found a snail-covered altar of Cheibriados.
  1237 | D:2      | XOM: 8-stop teleportation journey
  1243 | D:2      | Lost mutation: You are partially covered in iridescent
                  | scales. (AC +2) [potion of mutation]
  1243 | D:2      | Lost mutation: You are robust. (+10% HP) [potion of
                  | mutation]
  1258 | D:2      | Reached skill level 1 in Summonings
  1315 | D:2      | Reached XP level 4. HP: 42/42 MP: 5/5
  1958 | D:3      | Noticed an ice beast
  1973 | D:3      | Killed an ice beast
  1974 | D:3      | Reached skill level 3 in Summonings
  1974 | D:3      | Reached XP level 5. HP: 30/49 MP: 6/6
  2115 | D:3      | XOM: divination: detect items
  2470 | D:4      | Found a runed translucent gate.
  2471 | D:4      | Found a runed translucent gate.
  2472 | D:4      | Found a runed translucent gate.
  2473 | D:4      | Noticed middlethird's ghost (weakling VSCj)
  2536 | D:4      | XOM: summons 5 friendly demons
  2539 | D:4      | Reached skill level 4 in Summonings
  2822 | D:4      | Reached XP level 6. HP: 56/56 MP: 7/7
  3311 | D:5      | Entered Level 5 of the Dungeon
  3344 | D:5      | Found a hide-covered altar of Uskayaw.
  3354 | D:5      | Reached skill level 5 in Summonings
  3437 | D:5      | XOM: divination: detect creatures
  3468 | D:5      | XOM: summons 6 friendly demons
  3474 | D:5      | Reached XP level 7. HP: 27/62 MP: 8/8
  3494 | D:5      | Reached skill level 6 in Summonings
  3704 | D:5      | XOM: give mutations
  3704 | D:5      | Gained mutation: Your health recovers twice as slowly from
                  | being drained. [Xom's mischief]
  3704 | D:5      | Gained mutation: You are frail. (-10% HP) [Xom's mischief]
  3834 | D:5      | XOM: cloud trail
  4295 | D:6      | Found an ancient bone altar of Kikubaaqudgha.
  4309 | D:6      | Reached skill level 7 in Summonings
  4392 | D:6      | Found a glowing silver altar of Zin.
  4395 | D:6      | Found a stormy altar of Qazlal.
  4398 | D:6      | Found a hazy altar of Hepliaklqana.
  4585 | D:6      | Found a white marble altar of Elyvilon.
  4807 | D:6      | XOM: smoke on damage
  4819 | D:6      | XOM: polymorph inugami -> gnoll
  4941 | D:6      | Identified the +1 leather armour "Dyhab" {rElec Regen+
                  | Dex-2}
  4948 | D:6      | XOM: smoke on damage
  4951 | D:6      | Reached XP level 8. HP: 44/62 MP: 9/9
  4958 | D:6      | Identified the +2 glaive "Vuri" {heavy, *Noise rCorr Str+7}
                  | (Xom gifted it to you on level 6 of the Dungeon)
  4958 | D:6      | XOM: god gift: +2 glaive "Vuri" {chaos, *Noise rCorr Str+7}
  5035 | D:6      | Found a bloodstained altar of Trog.
  5039 | D:6      | Reached skill level 8 in Summonings
  5043 | D:6      | XOM: scenery: summon butterflies
  5211 | D:6      | XOM: give mutation
  5211 | D:6      | Lost mutation: You are frail. (-10% HP) [Xom's grace]
  5353 | D:6      | XOM: give mutations
  5353 | D:6      | Gained mutation: Your tail ends in a wickedly sharp and
                  | venomous barb. [Xom's grace]
  5353 | D:6      | Gained mutation: Your flesh is heat resistant. (rF+) [Xom's
                  | grace]
  5358 | D:6      | Found a staircase to the Ecumenical Temple.
  5425 | D:7      | Reached skill level 9 in Summonings
  5494 | D:6      | XOM: give mutations
  5494 | D:6      | Gained mutation: You are agile. (Dex +4, Str/Int -1) [Xom's
                  | grace]
  5494 | D:6      | Gained mutation: Your flesh is cold resistant. (rC+) [Xom's
                  | grace]
  5494 | D:6      | Gained mutation: You expend magic power (3 MP) to
                  | strengthen your wands. [Xom's grace]
  5494 | D:6      | Gained mutation: You have a somewhat thin skeletal
                  | structure. (Dex +2, Stealth+) [Xom's grace]
  5658 | D:7      | XOM: potion effect (invisibility)
  5750 | D:8      | Reached skill level 10 in Summonings
  5845 | D:8      | Found a flagged portal.
  5850 | D:8      | Reached XP level 9. HP: 67/75 MP: 10/10
  5856 | D:8      | Identified the +9 spear of the Maze {flame, Will++ Int+3}
  5860 | Bailey   | Entered a bailey
  5873 | Bailey   | XOM: draining
  5911 | Bailey   | XOM: god gift: 42 gold pieces
  5988 | Bailey   | Learned a level 4 spell: Summon Blazeheart Golem
  6005 | Bailey   | Noticed an orc knight
  6013 | Bailey   | Killed an orc knight
  6014 | Bailey   | Reached skill level 11 in Summonings
  6039 | Bailey   | Reached skill level 12 in Summonings
  6162 | Bailey   | XOM: summons friendly quasit
  6190 | Bailey   | XOM: silly message
  6264 | D:8      | XOM: destruction
  6408 | D:8      | Noticed a troll
  6412 | D:8      | Noticed Prince Ribbit
  6413 | D:8      | XOM: summons 5 friendly demons
  6415 | D:8      | XOM: summons friendly iron imp
  6416 | D:8      | XOM: polymorph ufetubus -> lemure
  6417 | D:8      | Killed a troll
  6461 | D:8      | XOM: give mutations
  6461 | D:8      | Lost mutation: Your tail ends in a wickedly sharp and
                  | venomous barb. [Xom's mischief]
  6461 | D:8      | Gained mutation: Your magical capacity is low. (-10% MP)
                  | [Xom's mischief]
  6758 | D:8      | Reached skill level 13 in Summonings
  6873 | D:8      | XOM: 2-stop teleportation journey
  6892 | D:8      | Reached XP level 10. HP: 84/84 MP: 9/10
  6909 | D:8      | Killed Prince Ribbit
  6983 | D:8      | XOM: 2-stop teleportation journey
  7026 | D:8      | Found a staircase to the Lair.
  7097 | D:8      | XOM: cloud trail
  7248 | D:9      | Found Viot's General Store.
  7258 | D:9      | Noticed a kobold demonologist
  7258 | D:9      | Noticed a kobold demonologist
  7259 | D:9      | Noticed a kobold demonologist
  7269 | D:9      | Noticed an orange demon
  7271 | D:9      | XOM: confuse monster(s)
  7272 | D:9      | Killed a kobold demonologist
  7272 | D:9      | Killed a kobold demonologist
  7283 | D:9      | Reached skill level 14 in Summonings
  7288 | D:9      | Killed a kobold demonologist
  7499 | D:9      | XOM: destruction
  7713 | D:9      | XOM: destruction
  7771 | D:9      | XOM: divine lightning
  7793 | D:9      | Reached skill level 15 in Summonings
  7802 | D:9      | XOM: summons friendly shadow imp
  8050 | D:9      | Found a staircase to the Orcish Mines.
  8369 | D:10     | Entered Level 10 of the Dungeon
  8387 | D:10     | Reached XP level 11. HP: 90/90 MP: 10/10
  8415 | D:10     | XOM: 3-stop teleportation journey
  8446 | D:10     | Reached skill level 16 in Summonings
  8513 | D:10     | Found a runed translucent gate.
  8515 | D:10     | Found a runed translucent gate.
  8516 | D:10     | Found a runed translucent gate.
  8524 | D:10     | Noticed tymior's ghost (journeyman MiDe)
  8567 | D:10     | XOM: give mutations
  8567 | D:10     | Lost mutation: You are somewhat resistant to further
                  | mutation. [Xom's mischief]
  8567 | D:10     | Gained mutation: You are partially covered in iridescent
                  | scales. (AC +2) [Xom's mischief]
  8567 | D:10     | Gained mutation: You are frail. (-10% HP) [Xom's mischief]
  8567 | D:10     | Lost mutation: Your magical capacity is low. (-10% MP)
                  | [Xom's mischief]
  8652 | D:10     | XOM: cloud trail
  8684 | D:10     | XOM: summons 5 friendly demons
  8792 | D:10     | XOM: cloud trail
  8853 | D:10     | XOM: butterfly on damage
  8854 | D:10     | XOM: cleaving
  8913 | D:10     | XOM: confuse monster(s)
  8921 | D:10     | XOM: summons 7 friendly demons
  8925 | D:10     | XOM: polymorph inugami -> yak
  8935 | D:10     | Demolished by tymior's ghost

Illustrated notes

Levels and vault maps discovered:
D:1:      minmay_arrival_shattered_statue, layout_basic, serial_park_tiny_2,
          minmay_split_cup_small
D:2:      layout_basic, basic_altar, shapermc_ecumenical_altar_pompeii,
          kennysheep_decorative_pillar, minmay_goblin_kobold_house
D:3:      layout_loops_cross
D:4:      layout_cave_pods, ebering_ghost_rock_garden
D:5:      layout_basic, nicolae_overflow_crystal_walls,
          nicolae_ossuary_entry_giza, minmay_misc_feat_x,
          nicolae_fountain_basement
D:6:      layout_basic, trog_antimagical, old_standard_altar,
          grunt_temple_overflow_cloverleaf, temple_green
D:7:      layout_basic, lemuel_doored_altar, lemuel_crystal_altar
D:8:      layout_rooms, erik_lair_island, enter_bailey_2, water_maze_lemuel,
          uniq_prince_ribbit1
D:9:      layout_basic, kennysheep_orc_monster_closet_entryway, serial_shops,
          shop
D:10:     layout_rooms, gammafunk_ghost_necromancy

Skill      XL: |  1  2  3  4  5  6  7  8  9 10 11 |
---------------+----------------------------------+-----
Polearms       | 4 |  4.3
Summonings     | 1 3 4 5 7 10 13 15 16 | 16.5
Fighting       | |  3.0
Armour         | |  1.5
Dodging        | |  0.7
Spellcasting   | |  0.7

Action                     |  1- 3 |  4- 6 |  7- 9 | 10-12 || total
---------------------------+-------+-------+-------+-------++-------
  Melee: Spear             |   116 |    83 |   102 |       ||   301
         Punch             |       |     3 |       |       ||     3
         Glaive            |       |       |   124 |   110 ||   234
   Cast: Call Canine Famil |       |     8 |    31 |    19 ||    58
         Summon Blazeheart |       |       |    12 |    24 ||    36
Ability: Spit Poison       |     1 |     1 |     2 |     1 ||     5
  Evoke: Wand              |       |       |     2 |       ||     2
    Use: Scroll            |     4 |     2 |     6 |     2 ||    14
         Potion            |     2 |     7 |     2 |     2 ||    13
   Stab: Paralysed         |     1 |       |       |       ||     1
         Distracted        |       |       |     3 |     2 ||     5
         Invisible         |       |       |     1 |       ||     1
         Sleeping          |       |       |       |     1 ||     1
 Armour: Leather armour    |    52 |    42 |   219 |    93 ||   406
  Dodge: Dodged            |    50 |    26 |   116 |    49 ||   241
  Block: Other             |       |       |    37 |    28 ||    65
         Reflection        |       |       |     1 |     5 ||     6
